 Dungeon Crawl Stone Soup version 0.22.0-76-g6cd1571672 (webtiles) character file.

371738 Gunterle the Brawler (level 21, -1/215 HPs)
             Began as a Troll Monk on Sept 12, 2018.
             Was a High Priest of Jiyva.
             Shot with an arrow by a deep elf master archer (19 damage)
             ... created by the fury of Okawaru
             ... on level 1 of the Depths on Sept 15, 2018.
             The game lasted 06:29:58 (60881 turns).

Gunterle the Brawler (Troll Monk)                  Turns: 60881, Time: 06:29:58

Health: -1/215     AC: 18    Str: 22    XL:     21   Next: 36%
Magic:  20/20      EV: 17    Int:  8    God:    Jiyva [*****.]
Gold:   809        SH:  0    Dex: 24    Spells: 18/20 levels left

rFire    + . .     SeeInvis +     - Unarmed
rCold    + . .     Gourm    +   (no shield)
rNeg     + . .     Faith    .   c - +5 pearl dragon scales
rPois    +         Spirit   .   H - +0 hat {SInv}
rElec    +         Reflect  .   m - scarf {rC+ rF+}
rCorr    +         Harm     .   (gloves unavailable)
MR       ++...                  (boots unavailable)
Stlth    ..........             w - amulet of Hepliaklqana's Outrage {rElec Regen+ Dex+4}
HPRegen  1.25/turn              B - ring of protection from magic
MPRegen  0.17/turn              t - ring of poison resistance

@: drained
A: large, unfitting armour, claws 3, hooves 1, fast metabolism 3, gourmand,
sense surroundings 1, regeneration 1, shaggy fur 1, tough skin 2, pseudopods 1,
MP-powered wands
}: 3/15 runes: serpentine, barnacled, slimy
a: Request Jelly, Slimify, Cure Bad Mutation, Renounce Religion


You were on level 1 of the Depths.
You worshipped Jiyva.
Jiyva was extremely pleased with you.
You were full.

You visited 9 branches of the dungeon, and saw 43 of its levels.
You visited 1 bazaar.
You also visited: Labyrinth and Ossuary.

You collected 3433 gold pieces.
You spent 2624 gold pieces at shops.

Inventory:

Hand Weapons
 M - a +0 giant spiked club
 V - the +3 great mace "Maocric" {drain, *Rage rPois rC++ Str+8}
   (Okawaru gifted it to you on level 3 of the Shoals)

   A truly terrible weapon, it drains the life of those it strikes.
   It affects your strength (+8).
   It greatly protects you from cold.
   It protects you from poison.
   It may make you go berserk in combat.
 X - the +3 giant club of Responsibility {flame, rPois MR+++ Str-2}
   (Okawaru gifted it to you on level 2 of the Snake Pit)

   It has been specially enchanted to burn those struck by it, causing extra
   injury to most foes and up to half again as much damage against particularly
   susceptible opponents.
   It affects your strength (-2).
   It protects you from poison.
   It affects your resistance to hostile enchantments.
Missiles
 z - 27 large rocks (quivered)
 T - 45 javelins of penetration
Armour
 c - +5 pearl dragon scales (worn)
 m - a scarf of resistance (worn)
 q - +0 fire dragon scales
 H - a +0 hat of see invisible (worn)
Jewellery
 a - an uncursed ring of positive energy
 i - an uncursed amulet of guardian spirit
 n - an uncursed ring of protection from cold
 t - a ring of poison resistance (right claw)
 w - the amulet of Hepliaklqana's Outrage (around neck) {rElec Regen+ Dex+4}
   (You found it on level 5 of the Pits of Slime)

   [amulet of regeneration]

   It affects your dexterity (+4).
   It insulates you from electricity.
   It increases your rate of regeneration.
 B - a ring of protection from magic (left claw)
 F - an uncursed ring of positive energy
 L - an uncursed ring of protection from magic
 R - an uncursed ring of protection from fire
Wands
 U - a wand of digging (21)
Scrolls
 d - 20 scrolls of remove curse
 e - 10 scrolls of identify
 h - a scroll of summoning
 j - 5 scrolls of teleportation
 k - 2 scrolls of enchant weapon
 v - 6 scrolls of amnesia
 y - 2 scrolls of silence
 G - a scroll of fear
 N - 2 scrolls of magic mapping
 P - 4 scrolls of fog
 S - a scroll of holy word
 W - a scroll of brand weapon
 Z - 7 scrolls of immolation
Potions
 g - 4 potions of flight
 p - 3 potions of agility
 s - 2 potions of berserk rage
 u - 2 potions of might
 x - 4 potions of heal wounds
 A - 2 potions of mutation
 C - 2 potions of ambrosia
 D - 3 potions of cancellation
 E - 6 potions of lignification
 J - 19 potions of curing
 K - 4 potions of resistance
 O - a potion of haste
 Q - 2 potions of invisibility
Miscellaneous
 f - a fan of gales (inert)
 l - a box of beasts
 o - a phial of floods (inert)
 r - a phantom mirror
 I - a lamp of fire
 Y - a lightning rod (4/4)
Comestibles
 b - 55 rations


   Skills:
 + Level 14.6(14.3) Fighting
 - Level 12.3(12.0) Maces & Flails
 * Level 14.4(14.1) Throwing
 - Level 12.5(12.2) Armour
 + Level 12.3(12.0) Dodging
 - Level 1.2(1.0) Stealth
 + Level 20.6(20.2) Unarmed Combat
 + Level 2.1(1.9) Summonings
 - Level 5.0(4.8) Translocations


You had 18 spell levels left.
You knew the following spells:

 Your Spells              Type           Power        Failure   Level  Hunger
a - Apportation           Tloc           #.....       16%         1    ##.....
b - Summon Butterflies    Summ           #.......     43%         1    ##.....

Your spell library contained the following spells:

 Spells                   Type           Power        Failure   Level  Hunger
 Lesser Beckoning         Tloc           #.........   41%         3    ####...
 Summon Small Mammal      Summ           #...         43%         1    ##.....
 Call Imp                 Summ           #.......     58%         2    ###....
 Flame Tongue             Conj/Fire      #....        71%         1    ##.....
 Sandblast                Erth           #.....       71%         1    ##.....
 Sting                    Conj/Pois      #...         71%         1    ##.....
 Call Canine Familiar     Summ           #.......     82%         3    ####...
 Passwall                 Tmut/Erth      #.......     85%         2    ###....
 Poisonous Vapours        Pois/Air       #.....       85%         2    ###....
 Sublimation of Blood     Necr           #.........   85%         2    ###....
 Summon Guardian Golem    Hex/Summ       #.......     91%         3    ####...
 Ignite Poison            Fire/Tmut/Pois #.......     97%         3    ####...
 Mephitic Cloud           Conj/Pois/Air  #.......     97%         3    ####...
 Stone Arrow              Conj/Erth      #.....       97%         3    ####...
 Tukima's Dance           Hex            #.......     97%         3    ####...
 Cause Fear               Hex            #.........   100%        4    #####..
 Ice Form                 Ice/Tmut       #.......     100%        4    #####..
 Leda's Liquefaction      Hex/Erth       #.........   100%        4    #####..
 Olgreb's Toxic Radiance  Pois           #.......     100%        4    #####..
 Petrify                  Tmut/Erth      #.......     100%        4    #####..
 Summon Ice Beast         Ice/Summ       #.......     100%        4    #####..
 Summon Lightning Spire   Summ/Air       #.......     100%        4    #####..
 Alistair's Intoxication  Tmut/Pois      #.......     100%        5    ######.
 Bolt of Magma            Conj/Fire/Erth #.........   100%        5    ######.
 Irradiate                Conj/Tmut      #.........   100%        5    ######.
 Iskenderun's Battlesphe  Conj/Chrm      #.......     100%        5    ######.
 Lee's Rapid Deconstruct  Erth           #.........   100%        5    ######.
 Metabolic Englaciation   Hex/Ice        #.........   100%        5    ######.
 Venom Bolt               Conj/Pois      #.........   100%        5    ######.
 Bolt of Cold             Conj/Ice       #.........   100%        6    #######
 Bolt of Fire             Conj/Fire      #.........   100%        6    #######
 Freezing Cloud           Conj/Ice/Air   #.........   100%        6    #######
 Hydra Form               Tmut           #.........   100%        6    #######
 Invisibility             Hex            #.......     100%        6    #######
 Iron Shot                Conj/Erth      #.........   100%        6    #######
 Ozocubu's Refrigeration  Ice            #.........   100%        6    #######
 Simulacrum               Ice/Necr       #.........   100%        6    #######
 Statue Form              Tmut/Erth      #........    100%        6    #######
 Dragon Form              Tmut           #.........   100%        7    #######
 Orb of Destruction       Conj           #.........   100%        7    #######
 Spellforged Servitor     Conj/Summ      #.........   100%        7    #######
 Dragon's Call            Summ           #.........   100%        9    #######
 Shatter                  Erth           #.........   100%        9    #######


Dungeon Overview and Level Annotations

Branches:
Dungeon (15/15)            Temple (1/1) D:4            Lair (6/6) D:11
 Shoals (4/4) Lair:4        Snake (4/4) Lair:3        Slime (5/5) Lair:6
    Orc (2/2) D:10            Elf (0/3) Orc:2        Vaults (4/5) D:13
  Crypt (0/3) Vaults:3     Depths (2/5) D:15

Altars:
Ashenzari
Cheibriados
Dithmenos
Elyvilon
Fedhas
Gozag
Hepliaklqana
Kikubaaqudgha
Makhleb
Nemelex Xobeh
Okawaru
Qazlal
Ru
Sif Muna
Trog
Uskayaw
Vehumet
Wu Jian
Xom
Yredelemnul
Zin
The Shining One
Jiyva
Lugonu

Shops:
D:6 *   D:7 *   D:11 %   D:15 :   Orc:2 (:*[   Snake:1 *   Snake:2 (
Vaults:1 (   Vaults:3 (   Depths:1 [

Portals:
Hell: Depths:1
Abyss: Depths:1

Annotations:
D:8 1 runed door
Slime:5 Royal Jelly


Innate Abilities, Weirdness & Mutations

You are too large for most types of armour.
You have claws for hands.
Your metabolism is lightning-fast.
You like to eat raw meat.
Your natural rate of healing is unusually fast.
You are covered in fur. (AC +1)
You have very tough skin. (AC +2)
You have large cloven feet.
You passively map a small area around you.
Armour fits poorly on your pseudopods.
You expend magic power (3 MP) to strengthen your wands.


Message History

Press: ? - help, Shift-Dir - straight line, f - fire giant
Aim: a fire giant, wielding a great sword of flaming (durably summoned)
The torrent of water hits the fire giant.
The fire giant is lightly wounded.
The wave splashes down.
The water rises up and takes form.
The stone giant hits your water elemental!!
The deep elf master archer shoots an arrow.
The arrow hits you.
* * * LOW HITPOINT WARNING * * *
The arrow disappears in a puff of smoke!
The stone giant throws a large rock.
The large rock hits your water elemental!!
Your water elemental is destroyed!
The large rock disappears in a puff of smoke!
The titan waves its arms in wide circles.
The air twists around and strikes you!
* * * LOW HITPOINT WARNING * * *
The deep elf master archer shoots an arrow.
The arrow hits you!!
You die...

#......##.....#....##......#.
###.........................#.
####..≈..J.......................
#.###.≈≈≈≈..................###..
#..##.≈≈..................≈...#..
...........#########......≈......
#..........#8#8#8#8#......≈......
#..........#.#.#.#.#..≈...≈≈≈....
............J...@..ed≈C...≈≈≈....
..≈........#.#.#.#.#CC≈...≈≈≈....
...........#8#8#8#8#.≈....≈....#.
...........#########C##<.≈≈...##.
...............#....####.........
#..............##.J####..≈.≈≈≈...
................##..##...≈.≈≈≈...
............#..###.....≈≈≈..≈≈≈..
............#........≈≈≈≈≈≈[≈≈≈..


You could see a titan, a green draconian, a fire giant, a stone giant, a deep
elf master archer and a neutral jelly (fellow slime).

Vanquished Creatures
  Saint Roka (Snake:2)
  Vashnia (Snake:2)
  A bone dragon (Vaults:3)
  2 titans
  Asterion (Vaults:2)
  2 krakens
  Frances (Snake:1)
  Polyphemus (Shoals:1)
  Gastronok (D:8)
  Agnes (D:13)
  A sphinx (Vaults:4)
  Roxanne (Snake:2)
  Kirke (D:12)
  10 nagarajas
  7 fire giants
  6 vault wardens
  Louise (Shoals:4)
  4 orc warlords
  A ghoul (Vaults:3)
  8 stone giants
  The ghost of Miamirgh the Geomancer, a journeyman GrEE of Vehumet (Lair:5)
  10 ironheart preservers
  The ghost of Hepraf the Fencer, a journeyman MiMo of Gozag (Lair:5)
  11 very ugly things
  A deep elf annihilator (Vaults:4)
  A deep elf demonologist (Vaults:4)
  2 black draconians
  2 entropy weavers
  3 spark wasps (D:15)
  2 white draconians
  2 vampire knights
  Azrael (D:12)
  7 dire elephants
  A purple draconian (Depths:1)
  4 minotaurs
  3 red draconians
  2 yellow draconians
  6 ettins
  8 merfolk javelineers
  Josephine (Orc:2)
  8 merfolk impalers
  2 fire dragons
  3 rakshasas
  9 yaktaur captains
  6 ice dragons
  Erolcha (D:13)
  6 hydras
  15 naga warriors
  4 vault guards
  8 centaur warriors
  2 merfolk aquamancers (Shoals:4)
  8 anacondas
  34 two-headed ogres
  2 merfolk avatars
  5 catoblepae
  2 dancing weapons (D:13)
  A tengu warrior (D:15)
  10 ogre magi
  A deep troll earth mage (Vaults:3)
  A vampire mage (Depths:1)
  2 orc high priests
  3 death knights
  12 death yaks
  20 naga sharpshooters
  10 shock serpents
  Nergalle (Lair:1)
  4 salamander mystics (Snake:4)
  4 deep elf knights
  8 hell knights
  20 skeletal warriors
  An unseen horror (D:14)
  4 flayed ghosts
  A swamp dragon (shapeshifter) (Vaults:3)
  12 sea snakes
  8 deep trolls
  6 wizards
  8 naga ritualists
  2 wolf spider zombies (D:15)
  2 deep elf archers
  12 deep elf magi
  A phantasmal warrior (Vaults:4)
  10 ironbrand convokers
  A lindwurm (Lair:2)
  13 orc knights
  13 harpies
  A wolf spider (Lair:4)
  4 oklob plants (Lair:5)
  3 necromancers
  10 orc sorcerers
  8 mana vipers
  9 manticores
  2 human zombies (Vaults:1)
  7 fauns
  23 ugly things
  A harpy (shapeshifter) (Vaults:3)
  8 salamanders
  9 cyclopes
  An iron dragon skeleton (Depths:1)
  18 elephants
  12 merfolk sirens
  4 vault sentinels
  Psyche (D:9)
  A water nymph (shapeshifter) (Vaults:3)
  4 guardian serpents
  Joseph (D:7)
  38 black mambas
  5 water nymphs
  Maurice (D:11)
  20 naga magi
  2 gargoyles
  11 spiny frogs
  4 spectral swamp worms
  A yaktaur zombie (Vaults:1)
  46 yaktaurs
  5 komodo dragons
  An efreet (D:14)
  5 freezing wraiths
  A minotaur skeleton (Lab)
  A tengu conjurer (D:10)
  A polar bear (shapeshifter) (Vaults:1)
  A troll (shapeshifter) (Vaults:2)
  A harpy zombie (D:15)
  A queen bee (shapeshifter) (D:13)
  31 merfolk
  11 trolls
  A jumping spider (shapeshifter) (D:9)
  A meliai (shapeshifter) (Vaults:1)
  A queen bee (D:7)
  4 hornets
  A polar bear (Lair:5)
  3 wind drakes
  A harpy skeleton (D:14)
  A hornet (shapeshifter) (Vaults:1)
  9 snapping turtles
  6 dream sheep
  A hippogriff (shapeshifter) (Vaults:4)
  19 blink frogs
  19 slime creatures
  7 hippogriffs
  2 meliai zombies
  2 centaur simulacra
  Sigmund (D:2)
  3 redbacks
  14 water elementals
  An ettin skeleton (Depths:1)
  2 tarantellas (Vaults:1)
  A shadow (D:13)
  A spriggan (shapeshifter) (Vaults:1)
  2 fire elementals
  5 basilisks
  51 yaks
  A golden eye (shapeshifter) (Vaults:2)
  4 hogs
  5 wyverns
  A steam dragon (D:9)
  11 wraiths
  2 hungry ghosts
  A yaktaur simulacrum (Vaults:3)
  10 vampire mosquitoes
  9 wargs
  4 acid dragons
  57 nagas
  2 hell hounds (D:12)
  10 water moccasins
  A black bear (shapeshifter) (Vaults:4)
  A floating eye (D:9)
  4 sky beasts
  A hornet zombie (D:14)
  A floating eye (shapeshifter) (Vaults:3)
  8 porcupines
  A sky beast (shapeshifter) (Depths:1)
  63 orc warriors
  5 black bears
  3 eyes of draining
  31 ogres
  A deep troll simulacrum (Depths:1)
  2 necrophages (D:12)
  7 ice beasts
  2 phantoms
  5 wolves
  9 boggarts
  A boggart (shapeshifter) (Depths:1)
  16 centaurs
  10 crocodiles
  Blork the orc (D:5)
  3 big kobolds
  23 bullfrogs
  A gnoll sergeant (D:8)
  3 yaktaur skeletons
  A wyvern skeleton (D:11)
  A water moccasin zombie (Ossuary)
  6 scorpions
  24 killer bees
  An orc simulacrum (Vaults:1)
  An elf simulacrum (Vaults:1)
  4 howler monkeys
  5 electric eels
  A crimson imp (D:11)
  A bullfrog zombie (D:13)
  A quasit (D:8)
  4 centaur zombies
  4 centaur skeletons
  21 orc priests
  7 hounds
  5 jellies
  2 bullfrog skeletons
  25 orc wizards
  An iguana (D:10)
  Ijyb (D:4)
  17 worker ants
  2 big kobold zombies (Ossuary)
  A hound zombie (D:6)
  2 mummies (Ossuary)
  2 hound skeletons
  3 worker ant zombies
  Robin (D:4)
  11 gnolls
  15 adders
  7 shadow imps
  A white imp (Vaults:2)
  An ooze (D:5)
  3 adder zombies (Ossuary)
  An adder skeleton (D:8)
  4 worms
  5 dart slugs
  6 leopard geckos
  90 orcs
  5 giant cockroaches
  2 gnoll zombies (Ossuary)
  17 goblins
  9 hobgoblins
  5 quokkas
  4 ball pythons
  9 bats
  7 frilled lizards
  A goblin zombie (D:4)
  6 hobgoblin zombies (Ossuary)
  24 kobolds
  8 kobold zombies (Ossuary)
  A leopard gecko skeleton (D:4)
  2 orc zombies (Ossuary)
  2 quokka zombies
  5 rats
  2 fungi (D:6)
  6 plants
  4 tentacles
1627 creatures vanquished.

Vanquished Creatures (collateral kills)
  A crocodile (Lair:6)
1 creature vanquished.

Vanquished Creatures (others)
  6 acid blobs
  2 azure jellies
  A merfolk aquamancer (Shoals:4)
  A death yak (Shoals:1)
  An ironbrand convoker (Vaults:1)
  2 shining eyes
  An eye of devastation (Slime:3)
  2 yaktaurs (Depths:1)
  44 slime creatures
  A blink frog (Lair:4)
  2 water elementals (Depths:1)
  A human (D:12)
  2 golden eyes (Slime:3)
  An orc warrior (Orc:1)
  3 eyes of draining
  A boggart (Vaults:2)
  An electric eel (D:12)
  A hound (D:12)
  52 jellies
  An orc wizard (D:6)
  2 orcs (Lair:5)
  2 bushes
  19 fungi
  29 plants
  22 tentacles
  6 toadstools (Lair:4)
  6 withered plants (Lair:5)
212 creatures vanquished.

Grand Total: 1840 creatures vanquished

Notes
Turn   | Place    | Note
-------+----------+-------------------------------------------
     0 | D:1      | Gunterle the Troll Monk began the quest for the Orb.
     0 | D:1      | Reached XP level 1. HP: 22/22 MP: 0/0
    61 | D:1      | Reached XP level 2. HP: 18/29 MP: 1/1
   475 | D:1      | Reached XP level 3. HP: 36/36 MP: 2/2
  1224 | D:2      | Noticed Sigmund
  1252 | D:2      | Reached XP level 4. HP: 40/44 MP: 3/3
  1292 | D:2      | Reached skill level 4 in Unarmed Combat
  1324 | D:2      | Reached skill level 1 in Throwing
  1353 | D:2      | Killed Sigmund
  1353 | D:2      | Reached XP level 5. HP: 42/53 MP: 4/4
  1453 | D:2      | Reached XP level 6. HP: 51/61 MP: 5/5
  1847 | D:2      | Reached skill level 5 in Unarmed Combat
  2148 | D:3      | Found a bloodstained altar of Trog.
  2709 | D:4      | Found a sand-covered staircase.
  2716 | Ossuary  | Entered an ossuary
  2846 | Ossuary  | Reached XP level 7. HP: 53/68 MP: 6/6
  3058 | D:4      | Found a snail-covered altar of Cheibriados.
  3059 | D:4      | Found a burning altar of Makhleb.
  3059 | D:4      | Found a shattered altar of Ashenzari.
  3060 | D:4      | Found a shadowy altar of Dithmenos.
  3065 | D:4      | Found an ornate altar of the Wu Jian Council.
  3135 | D:4      | Found a shimmering altar of Xom.
  3200 | D:4      | Reached skill level 6 in Unarmed Combat
  3286 | D:4      | Found a staircase to the Ecumenical Temple.
  3290 | Temple   | Entered the Ecumenical Temple
  3486 | D:4      | Noticed Ijyb
  3495 | D:4      | Killed Ijyb
  3757 | D:4      | Noticed Robin
  3763 | D:4      | Killed Robin
  3925 | D:5      | Entered Level 5 of the Dungeon
  4053 | D:5      | Noticed Blork the orc
  4062 | D:5      | Killed Blork the orc
  4115 | D:5      | Reached XP level 8. HP: 73/78 MP: 7/7
  4358 | D:6      | Found a white marble altar of Elyvilon.
  4358 | D:6      | Found Kys Vuud's Hallowed Reliquary.
  4358 | D:6      | Noticed an angel
  4365 | D:6      | Bought a potion of curing for 42 gold pieces
  4457 | D:6      | Found a runed door.
  4543 | D:6      | Reached skill level 7 in Unarmed Combat
  5190 | D:6      | Found a runed door.
  5286 | D:6      | Bought an uncursed ring of positive energy for 280 gold
                  | pieces
  5366 | D:6      | Reached skill level 5 in Fighting
  5509 | D:7      | Noticed Joseph
  5519 | D:7      | Killed Joseph
  5519 | D:7      | Reached skill level 5 in Dodging
  5519 | D:7      | Reached skill level 8 in Unarmed Combat
  5519 | D:7      | Reached XP level 9. HP: 35/88 MP: 8/8
  5621 | D:7      | Found a stormy altar of Qazlal.
  6058 | D:7      | Learned a level 1 spell: Apportation
  6060 | D:7      | Learned a level 1 spell: Summon Butterflies
  6061 | D:7      | Found a blossoming altar of Fedhas.
  6152 | D:7      | Found Xyheocuo's Assorted Antiques.
  6159 | D:7      | Bought a grey potion for 27 gold pieces
  6159 | D:7      | Bought a scroll labeled VOF HIRAIJIBAU for 31 gold pieces
  6159 | D:7      | Bought a scroll labeled AKHA QAODYSOQ for 31 gold pieces
  6337 | D:6      | Reached skill level 5 in Throwing
  6426 | D:7      | Reached skill level 9 in Unarmed Combat
  6432 | D:7      | Found a deep blue altar of Sif Muna.
  6568 | D:8      | Noticed a queen bee
  6810 | D:7      | Killed a queen bee
  6996 | D:8      | Reached XP level 10. HP: 91/98 MP: 9/9
  7006 | D:8      | Found an iron altar of Okawaru.
  7077 | D:8      | Became a worshipper of Warmaster Okawaru
  7077 | D:8      | Reached * piety under Okawaru
  7077 | D:8      | Reached ** piety under Okawaru
  7517 | D:8      | Found a white marble altar of Elyvilon.
  7517 | D:8      | Noticed an angel
  7518 | D:8      | Found a runed door.
  7699 | D:8      | Noticed Gastronok
  7715 | D:8      | Killed Gastronok
  7715 | D:8      | Reached *** piety under Okawaru
  7715 | D:8      | Reached **** piety under Okawaru
  7715 | D:8      | Received a gift from Okawaru
  7715 | D:8      | Reached skill level 10 in Unarmed Combat
  8312 | D:9      | Noticed a manticore
  8317 | D:9      | a manticore changed into a floating eye
  8535 | D:9      | Noticed Psyche
  8545 | D:9      | Killed Psyche
  8545 | D:9      | Reached skill level 11 in Unarmed Combat
  8618 | D:9      | Noticed a two-headed ogre
  8623 | D:9      | Killed a two-headed ogre
  8623 | D:9      | Reached ***** piety under Okawaru
  8623 | D:9      | Reached XP level 11. HP: 107/107 MP: 10/10
  8909 | D:9      | Found a sparkling altar of Nemelex Xobeh.
  9073 | D:9      | Found a white marble altar of Elyvilon.
  9073 | D:9      | Found a glowing silver altar of Zin.
  9073 | D:9      | Found a glowing golden altar of the Shining One.
  9166 | D:10     | Entered Level 10 of the Dungeon
  9339 | D:10     | Found a staircase to the Orcish Mines.
  9465 | D:10     | Received a gift from Okawaru
  9589 | D:10     | Got a warped hand axe
  9611 | D:10     | Noticed a deep elf mage
  9622 | D:10     | Killed a deep elf mage
 10253 | D:11     | Noticed a red ugly thing
 10255 | D:11     | Noticed a two-headed ogre
 10269 | D:10     | HP: 2/109 [red ugly thing (20)]
 10273 | D:10     | Killed a red ugly thing
 10443 | D:11     | Reached skill level 1 in Armour
 10618 | D:11     | Found a radiant altar of Vehumet.
 10628 | D:11     | Reached skill level 12 in Unarmed Combat
 10812 | D:11     | Killed a two-headed ogre
 10813 | D:11     | Found a staircase to the Lair.
 10837 | D:11     | Received a gift from Okawaru
 11054 | D:10     | Reached ****** piety under Okawaru
 11113 | D:11     | Received a gift from Okawaru
 11150 | D:11     | Found Honewab's Food Shoppe.
 11183 | D:11     | Reached skill level 1 in Maces & Flails
 11404 | D:11     | Reached XP level 12. HP: 66/119 MP: 11/11
 11674 | D:12     | Noticed Maurice
 11767 | D:11     | Killed Maurice
 12189 | D:12     | Noticed an eight-headed hydra
 12210 | D:11     | Noticed an ettin
 12210 | D:11     | an eight-headed hydra changed into an ettin
 12221 | D:11     | Killed an ettin
 12221 | D:11     | Received a gift from Okawaru
 12224 | D:11     | Got a distressingly furry robe {god gift}
 12359 | D:12     | Identified the +1 robe of the Good {Int+4} (Okawaru gifted
                  | it to you on level 11 of the Dungeon)
 12399 | D:12     | Noticed a seven-headed hydra
 12412 | D:12     | Noticed Kirke
 12427 | D:12     | Killed a seven-headed hydra
 12435 | D:11     | Reached skill level 13 in Unarmed Combat
 12545 | D:12     | Noticed a sphinx
 12547 | D:12     | Killed Kirke
 12549 | D:12     | Reached skill level 5 in Armour
 13309 | D:12     | Noticed Azrael
 13553 | D:12     | Killed Azrael
 13761 | D:12     | Identified the +7 hand axe "Kios" {chop, Str+2 Int+3
                  | Stlth+} (You found it on level 10 of the Dungeon)
 13845 | Orc:1    | Entered Level 1 of the Orcish Mines
 13965 | Orc:1    | Noticed an ettin
 13966 | Orc:1    | Noticed an orc high priest
 13975 | Orc:1    | Killed an ettin
 13975 | Orc:1    | Received a gift from Okawaru
 14175 | Orc:1    | Killed an orc high priest
 14175 | Orc:1    | Received a gift from Okawaru
 14175 | Orc:1    | Reached XP level 13. HP: 130/130 MP: 5/12
 14309 | Orc:1    | Noticed an orc warlord
 14390 | D:10     | Killed an orc warlord
 14390 | D:10     | Received a gift from Okawaru
 14390 | D:10     | Reached skill level 14 in Unarmed Combat
 14840 | Orc:2    | Entered Level 2 of the Orcish Mines
 15136 | Orc:2    | Paralysed by an orc sorcerer for 6 turns
 15235 | Orc:2    | Found Tebum's Book Shop.
 15401 | Orc:2    | Noticed Josephine
 15436 | Orc:2    | Killed Josephine
 15570 | Orc:2    | Received a gift from Okawaru
 15592 | Orc:2    | Noticed a stone giant
 15746 | Orc:2    | Killed a stone giant
 15979 | Orc:2    | Received a gift from Okawaru
 16066 | Orc:2    | Found Virchebim's General Store.
 16111 | Orc:2    | Found Diphia's Antique Armour Shoppe.
 16122 | Orc:2    | Found a staircase to the Elven Halls.
 16342 | Orc:2    | Noticed an orc warlord
 16437 | Orc:2    | Found Ziff's Antique Weapon Boutique.
 16632 | Orc:2    | Killed an orc warlord
 16632 | Orc:2    | Received a gift from Okawaru
 17105 | Lair:1   | Entered Level 1 of the Lair of Beasts
 17241 | Lair:1   | Noticed Nergalle
 17249 | Lair:1   | Killed Nergalle
 18136 | Lair:2   | Reached skill level 15 in Unarmed Combat
 18681 | Lair:3   | Found a labyrinth entrance.
 18690 | Lab      | Entered a labyrinth
 18780 | Lab      | Noticed a minotaur
 18789 | Lab      | Killed a minotaur
 18789 | Lab      | Reached XP level 14. HP: 111/141 MP: 2/13
 19057 | Lair:3   | Found a staircase to the Snake Pit.
 19861 | Lair:4   | Reached skill level 10 in Fighting
 19956 | Lair:4   | Received a gift from Okawaru
 20058 | Lair:4   | Found a staircase to the Shoals.
 20451 | Lair:4   | Found a runed door.
 21107 | Lair:5   | Found a runed gate.
 21108 | Lair:5   | Found a runed gate.
 21109 | Lair:5   | Found a runed gate.
 21111 | Lair:5   | Noticed Miamirgh's ghost (journeyman GrEE)
 21111 | Lair:5   | Noticed Hepraf's ghost (journeyman MiMo)
 22009 | Lair:6   | Entered Level 6 of the Lair of Beasts
 22176 | Lair:6   | Received a gift from Okawaru
 22189 | Lair:6   | Reached skill level 10 in Armour
 22192 | Lair:6   | Reached skill level 16 in Unarmed Combat
 22408 | Lair:5   | Received a gift from Okawaru
 22653 | Lair:6   | Found a viscous altar of Jiyva.
 22653 | Lair:6   | Found a staircase to the Slime Pits.
 22961 | Lair:6   | Reached XP level 15. HP: 138/152 MP: 10/14
 25083 | Orc:2    | Bought fire dragon scales for 1500 gold pieces
 25253 | Snake:1  | Entered Level 1 of the Snake Pit
 25932 | D:13     | Noticed Erolcha
 25938 | D:13     | Killed Erolcha
 25938 | D:13     | Received a gift from Okawaru
 26278 | D:13     | Found a gate to the Vaults.
 26369 | D:13     | Reached skill level 17 in Unarmed Combat
 26908 | D:13     | HP: 4/153 [skeletal warrior/glaive[a skeletal warrior] (7)]
 27157 | D:14     | Noticed Agnes
 27443 | D:13     | Killed Agnes
 27913 | D:14     | Reached skill level 5 in Maces & Flails
 28084 | D:14     | Received a gift from Okawaru
 28378 | D:13     | Reached XP level 16. HP: 155/162 MP: 13/15
 28456 | D:14     | Got a brightly glowing dagger
 28698 | D:14     | Paralysed by a hornet for 2 turns
 28869 | D:15     | Entered Level 15 of the Dungeon
 28997 | D:15     | Identified the +10 dagger of Uncertain Death {protect, MR+
                  | Str+4} (You found it on level 14 of the Dungeon)
 29185 | D:15     | Received a gift from Okawaru
 29476 | D:15     | Found Coniti's Book Boutique.
 29558 | D:15     | Found a staircase to the Depths.
 29823 | Depths:1 | Entered Level 1 of the Depths
 30268 | D:15     | Reached skill level 18 in Unarmed Combat
 30473 | Shoals:1 | Entered Level 1 of the Shoals
 31313 | Shoals:2 | Noticed Polyphemus
 31443 | Shoals:1 | Killed Polyphemus
 31638 | Shoals:2 | Received a gift from Okawaru
 32258 | Shoals:2 | Noticed a kraken
 32413 | Shoals:2 | Killed a kraken
 32413 | Shoals:2 | Received a gift from Okawaru
 32689 | Shoals:2 | Reached XP level 17. HP: 131/172 MP: 13/16
 32971 | Shoals:3 | Received a gift from Okawaru
 32976 | Shoals:3 | Got an iridescent great mace {god gift}
 32977 | Shoals:3 | Identified the +3 great mace "Maocric" {drain, *Rage rPois
                  | rC++ Str+8} (Okawaru gifted it to you on level 3 of the
                  | Shoals)
 33200 | Shoals:3 | Noticed a kraken
 33219 | Shoals:3 | Killed a kraken
 33491 | Shoals:4 | Entered Level 4 of the Shoals
 33908 | Shoals:4 | Noticed Louise
 34334 | Shoals:4 | Killed Louise
 34683 | Shoals:4 | Received a gift from Okawaru
 34700 | Shoals:4 | Reached skill level 10 in Maces & Flails
 35096 | Shoals:4 | Got a barnacled rune of Zot
 35825 | Vaults:1 | Entered Level 1 of the Vaults
 36402 | Vaults:1 | Received a gift from Okawaru
 37676 | Vaults:1 | Found Loikh's Weapon Shop.
 37856 | Vaults:1 | Reached XP level 18. HP: 156/184 MP: 15/17
 38695 | Vaults:1 | Received a gift from Okawaru
 39213 | Vaults:2 | Reached skill level 19 in Unarmed Combat
 39252 | Vaults:1 | Reached skill level 10 in Dodging
 39402 | Vaults:2 | Noticed Asterion
 39413 | Vaults:2 | Killed Asterion
 39440 | Vaults:1 | Reached skill level 10 in Throwing
 40871 | Vaults:2 | Received a gift from Okawaru
 41759 | Vaults:3 | Upgraded the game from 0.22.0-75-g3901e7991e to
                  | 0.22.0-76-g6cd1571672
 41810 | Vaults:3 | Noticed a bone dragon
 41811 | Vaults:3 | Found a staircase to the Crypt.
 41820 | Vaults:3 | Killed a bone dragon
 42061 | Vaults:3 | Reached XP level 19. HP: 150/193 MP: 6/18
 42657 | Vaults:3 | Received a gift from Okawaru
 43644 | Vaults:3 | Found Rudgh's Antique Weapon Shoppe.
 43650 | Vaults:3 | Bought a pitted flail for 357 gold pieces
 43652 | Vaults:3 | Identified the +1 flail of Tenacity {holy, +Blink rC+
                  | Dex-2} (You bought it in a shop on level 3 of the Vaults)
 43941 | Vaults:4 | Found a flickering gateway to a bazaar.
 43953 | Bazaar   | Entered a bazaar
 43955 | Bazaar   | Found Uppiakk's Weapon Emporium.
 43972 | Bazaar   | Found Sadu's Antique Weapon Boutique.
 43972 | Bazaar   | Found Qawy Von's Magic Scroll Boutique.
 43992 | Bazaar   | Found Puicwe's Book Shoppe.
 44069 | Bazaar   | Bought a scroll of fog for 34 gold pieces
 44069 | Bazaar   | Bought a scroll of summoning for 161 gold pieces
 44069 | Bazaar   | Bought a scroll of fog for 34 gold pieces
 44069 | Bazaar   | Bought a scroll of enchant weapon for 127 gold pieces
 44259 | Vaults:4 | Paralysed by a sphinx for 6 turns
 44486 | Vaults:4 | Reached skill level 1 in Translocations
 44821 | Vaults:4 | Received a gift from Okawaru
 45369 | Vaults:4 | Received a gift from Okawaru
 46078 | Vaults:4 | Reached skill level 20 in Unarmed Combat
 46339 | Vaults:4 | Received a gift from Okawaru
 47070 | Snake:1  | Noticed Frances
 47082 | Snake:1  | Killed Frances
 47172 | Snake:1  | Found Vaxt's Assorted Antiques.
 47881 | Snake:2  | Reached XP level 20. HP: 97/205 MP: 11/19
 48177 | Snake:2  | Noticed Roxanne
 48234 | Snake:2  | Received a gift from Okawaru
 48558 | Snake:2  | Noticed Saint Roka
 48563 | Snake:2  | Received a gift from Okawaru
 48727 | Snake:2  | Killed Saint Roka
 49145 | Snake:2  | Received a gift from Okawaru
 49152 | Snake:2  | Got a jewelled giant club {god gift}
 49153 | Snake:2  | Identified the +3 giant club of Responsibility {flame,
                  | rPois MR+++ Str-2} (Okawaru gifted it to you on level 2 of
                  | the Snake Pit)
 49165 | Snake:2  | Noticed Vashnia
 49178 | Snake:2  | Killed Vashnia
 49276 | Snake:2  | Found Datwaph's Antique Weapon Boutique.
 49723 | Snake:2  | Killed Roxanne
 50781 | Snake:4  | Entered Level 4 of the Snake Pit
 50941 | Snake:3  | Received a gift from Okawaru
 51184 | Snake:4  | Received a gift from Okawaru
 51450 | Snake:4  | Found a radiant altar of Vehumet.
 51688 | Snake:4  | Received a gift from Okawaru
 51865 | Snake:4  | Received a gift from Okawaru
 52782 | Snake:4  | Reached skill level 5 in Translocations
 52908 | Snake:4  | Got a serpentine rune of Zot
 52931 | Snake:4  | Reached XP level 21. HP: 165/215 MP: 15/20
 53337 | Lair:6   | Fell from the grace of Okawaru
 53337 | Lair:6   | Became a worshipper of Jiyva Jeattooh the Shapeless
 53588 | D:10     | Reached * piety under Jiyva
 53665 | D:13     | Reached ** piety under Jiyva
 54071 | Slime:1  | Entered Level 1 of the Pits of Slime
 54912 | D:15     | Reached *** piety under Jiyva
 54916 | D:15     | Gained mutation: You tend to lose your temper in combat.
                  | [Jiyva's grace]
 55000 | D:15     | Reached **** piety under Jiyva
 55114 | D:15     | Reached skill level 1 in Summonings
 55120 | D:15     | Gained mutation: Your muscles are strong. (Str +2) [Jiyva's
                  | grace]
 55975 | Depths:1 | Reached ***** piety under Jiyva
 56115 | D:15     | Lost mutation: You tend to lose your temper in combat.
                  | [Jiyva's power]
 56477 | Depths:1 | Gained mutation: You passively map a small area around you.
                  | [Jiyva's grace]
 56974 | Depths:1 | Gained mutation: Your body has grown golden eyes which may
                  | confuse attackers. (Acc +3) [Jiyva's grace]
 57121 | Depths:1 | Found a gateway to Hell.
 57246 | Depths:1 | Found Yvieguer's Specialty Armours.
 57707 | Depths:1 | Found a one-way gate to the infinite horrors of the Abyss.
 58020 | D:11     | Gained mutation: You have large cloven feet. [Jiyva's
                  | grace]
 58141 | Lair:5   | Got a tattered robe {god gift}
 58152 | Lair:5   | Identified the +2 robe "Mael Ysifal" {rC+ Dex+4} (Okawaru
                  | gifted it to you on level 5 of the Lair of Beasts)
 58673 | Lair:5   | Gained mutation: You tend to lose your temper in combat.
                  | [Jiyva's grace]
 59066 | Lair:5   | Killed Hepraf's ghost
 59080 | Lair:5   | Killed Miamirgh's ghost
 59195 | D:11     | Lost mutation: Your muscles are strong. (Str +2) [Jiyva's
                  | grace]
 59213 | D:10     | Reached ****** piety under Jiyva
 59602 | Lair:3   | Lost mutation: Your body has grown golden eyes which may
                  | confuse attackers. (Acc +3) [Jiyva's grace]
 60148 | Slime:5  | Entered Level 5 of the Pits of Slime
 60184 | Slime:5  | Noticed the Royal Jelly
 60185 | Slime:5  | Found a viscous altar of Jiyva.
 60190 | Slime:5  | Gained mutation: You are dopey. (Int -2) [Jiyva's grace]
 60196 | Slime:5  | Gained mutation: Armour fits poorly on your pseudopods.
                  | [Jiyva's grace]
 60203 | Slime:5  | Found the +10 zealot's sword {holy, *Rage rN+ EV+3}
 60209 | Slime:5  | Gained mutation: You expend magic power (3 MP) to
                  | strengthen your wands. [Jiyva's grace]
 60215 | Slime:5  | Got a coiled zirconium amulet
 60216 | Slime:5  | Identified the amulet of Hepliaklqana's Outrage {rElec
                  | Regen+ Dex+4} (You found it on level 5 of the Pits of
                  | Slime)
 60229 | Slime:5  | Got a slimy rune of Zot
 60592 | Lair:5   | Lost mutation: You are dopey. (Int -2) [Jiyva's power]
 60593 | Lair:5   | Lost mutation: You tend to lose your temper in combat.
                  | [Jiyva's power]
 60881 | Depths:1 | Shot with an arrow by a deep elf master archer

Skill      XL: |  1  2  3  4  5  6  7  8  9 10 11 12 13 14 15 16 17 18 19 20 21 |
---------------+----------------------------------------------------------------+-----
Unarmed Combat | 4 5 6 8 9 11 12 13 15 16 17 18 19 20 | 20.6
Throwing       | 1 2 3 4 5 6 7 8 9 10 12 13 14 | 14.4
Fighting       | 3 4 5 6 7 8 9 10 11 12 13 14 | 14.6
Dodging        | 3 4 5 6 7 8 9 10 11 12 | 12.3
Armour         | 2 6 8 10 11 12 | 12.5
Maces & Flails | 1 5 8 11 12 | 12.3
Translocations | 2 5 |  5.0
Summonings     | 2 |  2.1
Stealth        | |  1.2

Action                   |  1- 3 |  4- 6 |  7- 9 | 10-12 | 13-15 | 16-18 | 19-21 || total
-------------------------+-------+-------+-------+-------+-------+-------+-------++-------
Melee: Unarmed           |    91 |   157 |   408 |   667 |  1233 |  1463 |  1330 ||  5349
       Punch             |     1 |     3 |    16 |    36 |   129 |   171 |   173 ||   529
       Spear             |       |       |       |     7 |       |       |       ||     7
       Bardiche          |       |       |       |       |     6 |       |       ||     6
       Kick              |       |       |       |       |       |       |    97 ||    97
       Pseudopods        |       |       |       |       |       |       |    22 ||    22
Throw: Javelin           |       |       |     2 |    33 |     2 |     4 |     1 ||    42
       Stone             |       |       |     2 |     2 |       |       |       ||     4
       Large rock        |       |       |       |       |    39 |   135 |   323 ||   497
       Throwing net      |       |       |       |       |     1 |     3 |       ||     4
       Tomahawk          |       |       |       |       |       |    13 |       ||    13
 Cast: Apportation       |       |       |       |       |       |       |     4 ||     4
Invok: Heroism           |       |       |       |     9 |    16 |    10 |     3 ||    38
       Finesse           |       |       |       |     2 |     3 |     6 |     4 ||    15
       Request Jelly     |       |       |       |       |       |       |    13 ||    13
       Cure Bad Mutation |       |       |       |       |       |       |     3 ||     3
       Slimify           |       |       |       |       |       |       |     1 ||     1
Evoke: Wand              |       |       |    15 |    19 |    21 |     4 |       ||    59
       Phial of floods   |       |       |       |     1 |     1 |     1 |     3 ||     6
       Lamp of fire      |       |       |       |       |       |     2 |     2 ||     4
       Lightning rod     |       |       |       |       |       |       |     1 ||     1
       Fan of gales      |       |       |       |       |       |       |     1 ||     1
  Use: Scroll            |     3 |     1 |     6 |    16 |    18 |    11 |    15 ||    70
       Potion            |       |       |       |     4 |     9 |     8 |       ||    21
 Stab: Sleeping          |     4 |     9 |     4 |     2 |       |       |       ||    19
       Invisible         |       |       |       |       |     1 |       |       ||     1
       Petrified         |       |       |       |       |     1 |       |       ||     1
       Petrifying        |       |       |       |       |       |       |     4 ||     4
  Eat: Chunk             |    17 |    14 |    40 |    77 |   123 |   126 |   103 ||   500
       Ration            |       |       |       |       |     2 |       |     6 ||     8
Armor: Robe              |    34 |    46 |    79 |   157 |       |       |       ||   316
       Steam dragon scal |       |       |       |    38 |    56 |       |       ||    94
       Pearl dragon scal |       |       |       |       |   484 |   670 |   516 ||  1670
       Fire dragon scale |       |       |       |       |    18 |     5 |       ||    23
Dodge: Dodged            |    53 |    65 |   244 |   497 |   563 |   818 |   771 ||  3011
